 Dungeon Crawl Stone Soup version 0.27.1-35-g4d5d836560 (webtiles) character file.

Game seed: 12311387918495570743

74238 Delamore the Unseen (level 15, -1/103 HPs)
             Began as an Octopode Brigand on Apr 12, 2022.
             Was an Initiate of Gozag.
             Slain by a reaper (38 damage)
             ... in an ice cave.
             The game lasted 00:34:31 (24752 turns).

Delamore the Unseen (Octopode Brigand)             Turns: 24752, Time: 00:34:31

Health: -1/103     AC:  7    Str: 14    XL:     15   Next: 46%
Magic:  15/15      EV: 23    Int: 15    God:    Gozag
Gold:   1631       SH:  7    Dex: 17    Spells: 14/14 levels left

rFire    x . .     SeeInvis +   m - +1 rapier (drain)
rCold    + + .     Faith    .   n - +0 buckler of Rurokaz {Drain rPois rC+ Slay+6}
rNeg     + . .     Spirit   .   r - +2 hood of the Assassin {Detection Stab+ Stlth++}
rPois    +         Reflect  .   P - amulet of regeneration
rElec    +         Harm     .   q - ring of willpower
rCorr    .         Rampage  .   g - ring of poison resistance
Will     +++..                  e - ring of ice
Stlth    +++++++++.             A - +4 ring of evasion
HPRegen  1.27/turn              k - ring of willpower
MPRegen  0.14/turn              t - +4 ring of slaying
                                Z - +4 ring of protection
                                a - ring "Funeawn" {rElec rN+ Str+2 SInv}

@: studying Polearms
A: almost no armour, amphibious, 8 rings, camouflage 1, gelatinous body 1,
(nimble swimmer 1), tentacles
a: Renounce Religion, Potion Petition, Call Merchant, Bribe Branch


You were in an ice cave.
You worshipped Gozag.
Gozag was most pleased with you.
You visited 4 branches of the dungeon, and saw 20 of its levels.
You visited 1 bazaar.
You also visited: Ossuary and Ice Cave.

You collected 8208 gold pieces.
You spent 4458 gold pieces at shops.
You paid 2119 gold pieces to Gozag.

Inventory:

Hand Weapons
 m - a +1 rapier of draining (weapon)
Missiles
 b - 36 poisoned darts (quivered)
 h - 6 silver javelins
 z - 34 boomerangs
 M - 16 atropa-tipped darts
Armour
 n - the +0 buckler of Rurokaz (worn) {Drain rPois rC+ Slay+6}
   (You acquired it on level 5 of the Dungeon)

   Slay:      It affects your accuracy & damage with ranged weapons and melee
   (+6).
   rC:        It protects you from cold.
   rPois:     It protects you from poison.
   Drain:     It drains your maximum health when unequipped.
 r - the +2 hood of the Assassin (worn) {Detection Stab+ Stlth++}
   (You bought it in a shop on level 2 of the Orcish Mines)

   It allows the wearer to sense nearby creatures.
   It allows the wearer to make particularly effective stabbing attacks against
   helpless or unaware enemies with any weapon.
   Stlth:     It makes you much more stealthy.
Jewellery
 a - the ring "Funeawn" (on tentacle) {rElec rN+ Str+2 SInv}
   (You acquired it on level 3 of the Lair of Beasts)

   [ring of positive energy]

   Str:       It affects your strength (+2).
   rElec:     It insulates you from electricity.
   rN:        It protects you from negative energy.
   SInv:      It lets you see invisible.
 e - a ring of ice (on tentacle)
 g - a ring of poison resistance (right tentacle)
 j - an amulet of the acrobat
 k - a ring of willpower (on tentacle)
 q - a ring of willpower (left tentacle)
 t - a +4 ring of slaying (on tentacle)
 w - a +4 ring of protection
 A - a +4 ring of evasion (on tentacle)
 P - an amulet of regeneration (around mantle)
 Z - a +4 ring of protection (on tentacle)
Wands
 l - a wand of iceblast (34)
 p - a wand of acid (11)
 y - a wand of digging (10)
 Q - a wand of charming (7)
 R - a wand of flame (41)
 S - a wand of polymorph (8)
Scrolls
 c - a scroll of vulnerability
 o - 8 scrolls of teleportation
 x - 6 scrolls of enchant armour
 D - a scroll of enchant weapon
 E - a scroll of fog
 O - 2 scrolls of silence
 T - 2 scrolls of immolation
 V - 2 scrolls of summoning
 Y - a scroll of fear
Potions
 d - 8 potions of curing
 f - 4 potions of haste
 i - 2 potions of mutation
 s - 5 potions of brilliance
 u - 2 potions of flight
 v - 3 potions of invisibility
 B - 4 potions of attraction
 C - 3 potions of lignification
 F - 5 potions of heal wounds
 J - a potion of ambrosia
 K - 3 potions of cancellation
 U - 5 potions of might
 X - a potion of resistance


   Skills:
 - Level 10.0 Fighting
 - Level 14.0 Short Blades
 + Level 9.4 Throwing
 - Level 10.0 Dodging
 + Level 15.3 Stealth
 + Level 8.9 Shields
 - Level 10.0 Evocations


You had 14 spell levels left.
You didn't know any spells.
Your spell library contained the following spells:

 Spells                   Type           Power      Damage    Failure   Level
 Animate Skeleton         Necr           0%         N/A       26%         1
 Beastly Appendage        Tmut           0%         N/A       26%         1
 Pain                     Necr           0%         1d4       26%         1
 Wereblood                Tmut           0%         N/A       38%         2
 Call Canine Familiar     Summ           0%         N/A       63%         3
 Gell's Gravitas          Tloc           0%         N/A       63%         3
 Portal Projectile        Hex/Tloc       0%         N/A       63%         3
 Spider Form              Tmut/Pois      0%         N/A       63%         3
 Stone Arrow              Conj/Erth      0%         3d7       63%         3
 Teleport Other           Tloc           0%         N/A       63%         3
 Vampiric Draining        Necr           0%         2d6       63%         3
 Leda's Liquefaction      Hex/Erth       0%         N/A       95%         4
 Bolt of Magma            Conj/Fire/Erth 0%         4d4       100%        5
 Dispersal                Tloc           0%         N/A       100%        6
 Shatter                  Erth           0%         3d5*      100%        9


Dungeon Overview and Level Annotations

Branches:
Dungeon (11/15)            Temple (1/1) D:4            Lair (6/6) D:9
  Swamp (0/4) Lair:3        Snake (0/4) Lair:2        Slime (0/5) Lair:6
    Orc (2/2) D:9             Elf (0/3) Orc:2       Ossuary (visited)
  IceCv (1/1)

Altars:
Cheibriados
Dithmenos
Elyvilon
Fedhas
Gozag
Hepliaklqana
Kikubaaqudgha
Makhleb
Nemelex Xobeh
Okawaru
Qazlal
Ru
Sif Muna
Trog
Uskayaw
Vehumet
Wu Jian
Yredelemnul
Zin
Beogh

Shops:
D:4 [   D:5 *   D:8 =   D:9 !   Orc:2 [[=[=*(   Lair:3 ?

Annotations:
Lair:6 exclusion: oklob plant


Innate Abilities, Weirdness & Mutations

You cannot wear most types of armour.
You are amphibious.
You can wear up to eight rings at the same time.
Your skin changes colour to match your surroundings (Stealth+).
Your rubbery body absorbs attacks. (AC +1, EV +1)
((You are camouflaged near water. (Stealth+)))
You have tentacles for arms and can constrict up to eight enemies at once.


Message History

The reaper freezes you.
There is an open door, spattered with blood here.
You hit the reaper. You grab the reaper. You squeeze the reaper!
The reaper is lightly wounded.
You constrict the reaper. You puncture the reaper!
The reaper is moderately wounded.
You constrict the reaper, but do no damage.
You block the reaper's attack.
You hit the reaper. You squeeze the reaper!
The reaper is heavily wounded.
You constrict the reaper, but do no damage.
You hit the reaper but do no damage.
The reaper is heavily wounded.
You constrict the reaper, but do no damage.
The reaper hits you with a +0 scythe of freezing!!!
The reaper freezes you.
You are too injured to fight recklessly!
You hit the reaper.
The reaper is heavily wounded.
You constrict the reaper. You hit the reaper.
The reaper is heavily wounded.
You constrict the reaper. You block the reaper's attack.
You puncture the reaper!
The reaper is severely wounded.
You constrict the reaper. You completely miss the reaper.
The reaper is severely wounded.
You constrict the reaper, but do no damage.
The reaper hits you but does no damage.
You hit the reaper. You squeeze the reaper.
The reaper is severely wounded.
You constrict the reaper, but do no damage.
You hit the reaper. You squeeze the reaper!
The reaper is almost dead.
You constrict the reaper.
The reaper hits you with a +0 scythe of freezing!!!
You die...
Your body crumbles into a pile of gold.

#############
#.'.........'
#.#####+#####
##.#$#$#.#○#.#
######8.#'#'#.#'#$#
#.......#.........'
#.#####.#.8.8.8.8.#
##.#[.=#.#..........
#⌠.@2⌠.#.'..........
##.#).?#.#..........
#.#####.#.8.8.8.8.#
#.......#.........'
######8.#'#'#.#'#'#
##.#$#$#.#$#$#
#.#####'#####
#.'.........'
#############


You could see a reaper.

Vanquished Creatures
  Rupert (Lair:6)
  Kirke (Lair:6)
  2 orc warlords (Orc:2)
  Snorg (Lair:3)
  Josephine (Orc:2)
  A boulder beetle (Lair:3)
  A catoblepas (Lair:6)
  6 hydras
  2 two-headed ogres (D:10)
  A death knight (D:9)
  5 orc high priests (Orc:2)
  6 death yaks
  An orc knight (Orc:2)
  5 orc sorcerers (Orc:2)
  2 cyclopes
  2 manticores (Lair:6)
  23 elephants
  8 black mambas
  17 cane toads
  2 ice statues (IceCv)
  A rime drake (Lair:6)
  An anaconda simulacrum (IceCv)
  Psyche (D:10)
  4 komodo dragons
  3 ice devils (IceCv)
  2 entropy weaver simulacra (IceCv)
  3 polar bears
  5 trolls
  10 dream sheep
  5 blink frogs (Lair:3)
  Sigmund (D:3)
  9 wraiths
  2 dire elephant simulacra (IceCv)
  4 spriggans (Lair:1)
  7 wyverns
  64 yaks
  A vampire (D:9)
  Grum (D:9)
  3 vampire mosquitoes (D:10)
  2 basilisks
  2 death yak simulacra (IceCv)
  Menkaure (D:5)
  5 harpy simulacra (IceCv)
  An acid dragon (D:9)
  A warg (Orc:2)
  3 nagas (Lair:2)
  21 water moccasins
  22 orc warriors
  An ice beast (D:6)
  A necrophage (D:6)
  A black bear (D:5)
  13 ogres
  9 wolves
  6 centaurs
  A phantom (D:4)
  2 elf zombies (Ossuary)
  15 bullfrogs
  A kobold brigand (D:5)
  A scorpion (D:6)
  2 two-headed ogre simulacra (D:11)
  A wyvern zombie (D:9)
  2 gnoll sergeants
  4 killer bees (D:5)
  5 wights (D:8)
  An electric eel (Lair:4)
  4 centaur zombies
  7 jellies
  4 centaur skeletons
  8 orc priests
  A gnoll shaman (D:8)
  4 hounds
  A bullfrog skeleton (D:6)
  3 iguanas (D:6)
  Terence (D:2)
  9 orc wizards
  A troll simulacrum (D:11)
  Natasha (twice) (D:2)
  8 hell rats
  3 mummies (Ossuary)
  2 howler monkey zombies
  11 adders
  9 gnolls
  4 naga simulacra
  A river rat (D:9)
  A shadow imp (D:7)
  3 white imps
  2 ufetubi (D:4)
  2 dart slugs
  44 orcs
  4 ball pythons
  3 bats
  6 endoplasms
  5 giant cockroaches
  6 goblins
  5 hobgoblins
  17 jackals
  5 quokkas
  6 frilled lizards
  3 goblin zombies (Ossuary)
  3 hobgoblin zombies (Ossuary)
  7 kobolds
  7 kobold zombies
  5 rats
556 creatures vanquished.

Vanquished Creatures (others)
  A human (Lair:6)
  32 fungi
  29 plants
  4 toadstools (D:6)
66 creatures vanquished.

Grand Total: 622 creatures vanquished

Notes
Turn   | Place    | Note
-------+----------+-------------------------------------------
     0 | D:1      | Delamore the Octopode Brigand began the quest for the Orb.
     0 | D:1      | Reached XP level 1. HP: 14/14 MP: 1/1
   180 | D:1      | Reached XP level 2. HP: 2/19 MP: 2/2
  1275 | D:1      | Reached XP level 3. HP: 24/24 MP: 3/3
  1396 | D:2      | Reached skill level 6 in Stealth
  1427 | D:2      | Reached XP level 4. HP: 9/29 MP: 4/4
  1686 | D:2      | Noticed Terence
  1822 | D:2      | Found a faded altar of an unknown god.
  1974 | D:2      | Killed Terence
  1975 | D:2      | Reached XP level 5. HP: 34/34 MP: 5/5
  2151 | D:2      | Noticed Natasha
  2158 | D:2      | Killed Natasha
  2469 | D:3      | Noticed Sigmund
  2480 | D:3      | Killed Sigmund
  2481 | D:3      | Reached skill level 5 in Short Blades
  2481 | D:3      | Reached skill level 7 in Stealth
  2481 | D:3      | Reached XP level 6. HP: 36/39 MP: 6/6
  2957 | D:4      | Noticed an orc warrior
  3127 | D:3      | Killed an orc warrior
  3128 | D:3      | Reached XP level 7. HP: 14/45 MP: 7/7
  3130 | D:2      | Noticed Natasha
  3135 | D:2      | Killed Natasha
  3561 | D:4      | Reached skill level 8 in Stealth
  4473 | D:4      | Found Orronin's Armour Shoppe.
  4513 | D:4      | Found a shadowy altar of Dithmenos.
  4513 | D:4      | Found an ornate altar of the Wu Jian Council.
  4520 | D:4      | Found a faded altar of an unknown god.
  4522 | D:4      | Found an iron altar of Okawaru.
  4524 | D:4      | Found a blossoming altar of Fedhas.
  4958 | D:4      | Found a staircase to the Ecumenical Temple.
  4974 | Temple   | Entered the Ecumenical Temple
  5070 | Temple   | Became a worshipper of Gozag Ym Sagoz the Greedy
  5263 | D:5      | Entered Level 5 of the Dungeon
  5290 | D:5      | Reached XP level 8. HP: 50/50 MP: 8/8
  5293 | D:5      | Reached skill level 9 in Stealth
  5878 | D:5      | Noticed a yak
  5879 | D:5      | Noticed a yak
  5880 | D:5      | Noticed a yak
  5881 | D:5      | Noticed a yak
  5883 | D:5      | Noticed a yak
  5884 | D:5      | Noticed a yak
  5895 | D:5      | Killed a yak
  6197 | D:6      | Killed a yak
  6198 | D:6      | Reached skill level 10 in Stealth
  6514 | D:6      | Reached XP level 9. HP: 47/54 MP: 9/9
  6822 | D:6      | Reached skill level 10 in Short Blades
  6966 | D:5      | Found Meawunai's General Store.
  7036 | D:5      | Bought a potion of curing for 39 gold pieces
  7043 | D:5      | Noticed Menkaure
  7048 | D:5      | Killed Menkaure
  8042 | D:5      | Reached XP level 10. HP: 25/60 MP: 10/10
  8957 | D:5      | Identified a scroll of acquirement
  8958 | D:5      | Acquired the +0 buckler of Rurokaz {Drain rPois rC+ Slay+6}
  9657 | D:7      | Found a sand-covered staircase.
  9667 | Ossuary  | Entered an ossuary
  9693 | Ossuary  | Reached skill level 1 in Shields
 11115 | D:5      | Bought a scroll of identify for 26 gold pieces
 11115 | D:5      | Bought 2 atropa-tipped darts for 15 gold pieces
 11872 | D:9      | Noticed a death knight
 12080 | D:9      | Acquired a +1 hat
 12102 | D:9      | Noticed Grum
 12119 | D:9      | Killed Grum
 12229 | D:9      | Reached XP level 11. HP: 69/69 MP: 11/11
 12405 | D:9      | Killed a death knight
 12593 | D:9      | Noticed a death yak
 12594 | D:9      | Noticed a death yak
 12596 | D:9      | Found a staircase to the Lair.
 12605 | D:9      | Noticed a death yak
 12633 | D:9      | Killed a death yak
 12634 | D:9      | Reached skill level 5 in Fighting
 12645 | D:9      | Killed a death yak
 12646 | D:9      | Reached skill level 5 in Dodging
 12646 | D:9      | Reached skill level 1 in Evocations
 12652 | D:9      | Killed a death yak
 12736 | D:9      | Found a staircase to the Orcish Mines.
 13192 | D:9      | Bought a potion of curing for 42 gold pieces
 13194 | Lair:1   | Entered Level 1 of the Lair of Beasts
 13852 | Lair:1   | Reached XP level 12. HP: 79/79 MP: 12/12
 14624 | Lair:2   | Found a staircase to the Snake Pit.
 14839 | Lair:2   | Reached skill level 5 in Throwing
 14938 | Lair:2   | Reached skill level 5 in Evocations
 16061 | Lair:3   | Noticed a boulder beetle
 16123 | Lair:3   | Killed a boulder beetle
 16225 | Lair:3   | Reached XP level 13. HP: 90/90 MP: 13/13
 16236 | Lair:3   | Reached skill level 11 in Stealth
 16305 | Lair:3   | Found a staircase to the Swamp.
 16422 | Lair:3   | Noticed Snorg
 16435 | Lair:3   | Killed Snorg
 16436 | Lair:3   | Reached skill level 12 in Stealth
 17035 | Lair:3   | Bought a scroll of acquirement for 728 gold pieces
 17035 | Lair:3   | Acquired 1183 gold pieces
 17037 | Lair:3   | Bought a scroll of magic mapping for 49 gold pieces
 17037 | Lair:3   | Bought a scroll of fear for 49 gold pieces
 17037 | Lair:3   | Bought a scroll of acquirement for 728 gold pieces
 17037 | Lair:3   | Bought a scroll of teleportation for 42 gold pieces
 17048 | Lair:3   | Acquired the ring "Funeawn" {rElec rN+ Str+2 SInv}
 17281 | Lair:4   | Reached skill level 10 in Fighting
 17281 | Lair:4   | Reached skill level 10 in Dodging
 17452 | Lair:4   | Reached skill level 13 in Stealth
 18283 | Lair:5   | Reached skill level 14 in Stealth
 18959 | Lair:6   | Entered Level 6 of the Lair of Beasts
 19063 | Lair:6   | Reached skill level 15 in Stealth
 19116 | Lair:6   | Reached XP level 14. HP: 80/99 MP: 14/14
 19228 | Lair:6   | Noticed Rupert
 19235 | Lair:6   | Killed Rupert
 19236 | Lair:6   | Reached skill level 5 in Shields
 19305 | Lair:6   | Noticed Kirke
 19324 | Lair:6   | Killed Kirke
 19706 | Lair:6   | Found a staircase to the Slime Pits.
 20999 | Orc:1    | Entered Level 1 of the Orcish Mines
 21254 | Orc:2    | Entered Level 2 of the Orcish Mines
 21254 | Orc:2    | Noticed an orc warlord
 21809 | Orc:2    | Killed an orc warlord
 21890 | Orc:2    | Found Lemnofru's Antique Armour Shop.
 21891 | Orc:2    | Found a staircase to the Elven Halls.
 21903 | Orc:2    | Found Edybui's Antique Armour Emporium.
 21917 | Orc:2    | Found Epyntis's Jewellery Shoppe.
 21921 | Orc:2    | Found a flickering gateway to a bazaar.
 21930 | Bazaar   | Entered a bazaar
 21944 | Bazaar   | Found Vothroq's Weapon Shoppe.
 21960 | Bazaar   | Found Geryxe's Antique Weapon Emporium.
 21960 | Bazaar   | Found Zoesenui's General Store.
 21971 | Bazaar   | Bought a potion of curing for 39 gold pieces
 21982 | Bazaar   | Found Rakudghez's Armour Emporium.
 21982 | Bazaar   | Found Filioryk's General Store.
 21993 | Bazaar   | Bought a scroll of teleportation for 18 gold pieces
 21993 | Bazaar   | Bought 3 scrolls of enchant armour for 135 gold pieces
 21993 | Bazaar   | Bought a scroll of identify for 12 gold pieces
 21993 | Bazaar   | Bought a scroll of identify for 12 gold pieces
 21993 | Bazaar   | Bought a wand of acid (11) for 180 gold pieces
 22004 | Bazaar   | Found Ajiep's Distillery.
 22004 | Bazaar   | Found Nydil's Distillery.
 22053 | Bazaar   | Bought a potion of curing for 36 gold pieces
 22053 | Bazaar   | Bought a potion of might for 48 gold pieces
 22053 | Bazaar   | Bought a potion of might for 48 gold pieces
 22053 | Bazaar   | Bought a potion of haste for 120 gold pieces
 22053 | Bazaar   | Bought a potion of heal wounds for 60 gold pieces
 22053 | Bazaar   | Bought a potion of curing for 36 gold pieces
 22059 | Bazaar   | Bought a potion of heal wounds for 50 gold pieces
 22059 | Bazaar   | Bought a potion of haste for 100 gold pieces
 22059 | Bazaar   | Bought a potion of might for 40 gold pieces
 22059 | Bazaar   | Bought a potion of cancellation for 80 gold pieces
 22073 | Bazaar   | Bought a scroll of summoning for 57 gold pieces
 22093 | Bazaar   | Bought a wand of iceblast (9) for 169 gold pieces
 22186 | Orc:2    | Found Peifish's Antique Armour Shop.
 22254 | Orc:2    | Found Uwoc's Jewellery Shoppe.
 22254 | Orc:2    | Noticed an orc warlord
 22302 | Orc:2    | Killed an orc warlord
 22310 | Orc:2    | Reached XP level 15. HP: 98/103 MP: 15/15
 22340 | Orc:2    | Noticed Josephine
 22354 | Orc:2    | Killed Josephine
 22607 | Orc:2    | Found Keucvo's General Store.
 22659 | Orc:2    | Found Muwinagg's Antique Weapon Emporium.
 23265 | Orc:2    | Bought the +2 hood of the Assassin {Detection Stab+
                  | Stlth++} for 1500 gold pieces
 23265 | Orc:2    | Found the +2 hood of the Assassin {Detection Stab+ Stlth++}
 23596 | D:10     | Entered Level 10 of the Dungeon
 23699 | D:10     | Found a sacrificial altar of Ru.
 23854 | D:10     | Noticed Psyche
 23861 | D:10     | Killed Psyche
 24458 | D:11     | Found a frozen archway.
 24474 | IceCv    | Entered an ice cave
 24715 | IceCv    | Reached skill level 10 in Evocations
 24752 | IceCv    | Slain by a reaper

Illustrated notes

Levels and vault maps discovered:
D:1:      dpeg_arrival_tiny_d, layout_rooms
D:2:      layout_basic, hellmonk_ecumenical_altar_dog_temple, minmay_bisected,
          uniq_terence, uniq_natasha
D:3:      layout_basic, serial_bayou_pond_a, uniq_sigmund
D:4:      layout_loops_cross, chequers_temple_overflow_minitemple,
          minmay_temple_entry_statues_pillars, serial_shops,
          nicolae_shop_waterfront, minmay_quantized
D:5:      layout_loops_corners, serial_shops, nicolae_stop_n_shop_1,
          minmay_fractal_squares_diagonal_5, uniq_menkaure
D:6:      layout_basic, nrook_loot_triangle, minmay_gold_behind_fungi,
          chequers_serial_rivers_micro_b, kennysheep_crisscross,
          minmay_manual_mail
D:7:      layout_gridville, enter_ossuary_3
D:8:      layout_rooms
D:9:      hangedman_cross_stitches, layout_gridville, dpeg_lair_monsters,
          minmay_orc_entry_temple_small, uniq_grum
D:10:     layout_roguey, hangedman_ru_absence, uniq_psyche
D:11:     layout_irregular_city, portal_ice_cave_entry_ice_simulacra,
          kennysheep_generic_room_10
Temple:   bh_familiar_temple
Lair:1:   wad_woods_settlement, layout_cave_pods, serial_bayou_shore_b
Lair:2:   layout_cave_pods, guppyfry_snake_entry_island
Lair:3:   layout_long_grid, swamp_mist, uniq_snorg
Lair:4:   layout_roguey, lemuel_fruit_fields, serial_bayou_shore_a,
          grunt_megastairs_4
Lair:5:   layout_loops_ring, serial_bayou_shore_b
Lair:6:   hangedman_lair_in_review, layout_cellular_growth, slime_dummy,
          uniq_kirke, uniq_rupert
Orc:1:    layout_caves, nicolae_orc_tapped_out
Orc:2:    grunt_orc_gardens, layout_caves, grunt_orc_garden, grunt_orc_garden,
          grunt_orc_garden, grunt_orc_garden, serial_shops, bzr_entry_lakeside,
          shop_fountains, nicolae_square_shop, shop, uniq_josephine
IceCv:    ice_cave_tombish

Skill      XL: |  1  2  3  4  5  6  7  8  9 10 11 12 13 14 15 |
---------------+----------------------------------------------+-----
Short Blades   | 3 4 5 6 7 9 12 13 14 | 14.0
Stealth        | 6 7 8 10 15 | 15.3
Shields        | 3 4 7 8 |  8.9
Dodging        | 3 6 8 10 | 10.0
Fighting       | 4 6 8 10 | 10.0
Evocations     | 3 5 8 10 | 10.0
Throwing       | 4 5 8 9 |  9.4

Action                   |  1- 3 |  4- 6 |  7- 9 | 10-12 | 13-15 || total
-------------------------+-------+-------+-------+-------+-------++-------
Melee: Dagger            |    80 |    63 |    52 |       |       ||   195
       Tentacles         |    15 |    14 |    36 |   106 |   237 ||   408
       Constrict         |    14 |    14 |    31 |    53 |    87 ||   199
       Rapier            |       |       |   187 |   480 |   819 ||  1486
Throw: Dart              |       |    10 |     3 |     6 |    10 ||    29
       Boomerang         |       |       |       |     1 |       ||     1
Invok: Call Merchant     |       |       |       |     2 |     1 ||     3
Evoke: Wand              |       |     1 |     6 |     3 |     2 ||    12
  Use: Potion            |     1 |       |     5 |     1 |       ||     7
       Scroll            |       |     4 |     6 |    14 |    14 ||    38
 Stab: Sleeping          |     9 |     8 |    27 |    29 |    33 ||   106
       Distracted        |       |       |     3 |     5 |     8 ||    16
Armor: Skin              |     8 |     5 |    11 |    39 |    97 ||   160
Dodge: Dodged            |    49 |    44 |   121 |   197 |   514 ||   925
Block: Buckler           |       |       |       |    51 |   158 ||   209
